[Event "IIe Tournoi de GMI du C'Chartres Echecs"]
[Site "Chartres, France"]
[Date "2021.05.17"]
[Round "1.1"]
[White "Vlachos, Anatole"]
[Black "Shirazi, Kamran"]
[Result "1-0"]
[TimeControl "5400+30"]
[WhiteTitle "IM"]
[BlackTitle "IM"]
[WhiteElo "2438"]
[BlackElo "2349"]

1. e4 c6 2. Nc3 d5 3. Nf3 g6 4. d4 Bg7 5. e5 f6 6. Bd3 Bg4 7. exf6 Nxf6 8. h3 Bxf3 9. Qxf3 O-O 10.
Qe2 Nh5 11. Qe6+ Kh8 12. Ne2 c5 13. dxc5 Nc6 14. g4 Nf6 15. Bd2 Ne8 16. Nf4 Ne5 17. Qxd5 Qxd5 18. Nxd5 Nf3+ 19. Ke2 Nxd2 20.
Kxd2 Rd8 21. Nc3 Rxf2+ 22. Ke1 Rf4 23. Ke2 Nc7 24. Rhf1 Ne6 25. Ne4 Rd5 26. Rxf4 Nxf4+ 27. Kd2 Ne6 28. Re1 Bxb2 29. Rb1 Ba3 30.
Rxb7 Nxc5 31. Nxc5 Bxc5 32. h4 Rd4 33. Rc7 Bd6 34. Rc4 Rd5 35. Ke3 Kg7 36. g5 Rb5 37. Rc8 Re5+ 38. Kf3 Bc5 39.
Bc4 h6 40. gxh6+ Kxh6 41. Bd3 Kg7 42. Rc6 e6 43. Bc4 Rf5+ 44. Kg4 Be3 45. Bxe6 Rf4+ 46. Kg3 Rd4 47. Bc4 Bf4+ 48. Kh3 Be5 49.
Bd3 Bf6 50. Rc7+ Kh6 51. Rxa7 Rxh4+ 52. Kg3 Rb4 53. a4 Be5+ 54. Kh3 Kg5 55. Ra6 Rh4+ 56. Kg2 Rh2+ 57. Kf3 Bf6 58. a5 Rh4 59. Rc6 Rf4+ 60. Ke2 Ra4 61.
a6 Bd4 62. Rxg6+ Kf4 63. Re6 Bc5 64. Kd2 Bb4+ 65. c3 Ra2+ 66. Bc2 Bc5 67. Kc1 Ba3+ 68. Kb1 Rb2+ 69. Ka1 Rb5 70. Re4+ Kf3 71.
a7 Bb2+ 72. Ka2 Ra5+ 73. Ra4 Rxa7 74. Rxa7 Bxc3 75. Ra3 1-0

[Event "IIe Tournoi de GMI du C'Chartres Echecs"]
[Site "Chartres, France"]
[Date "2021.05.17"]
[Round "1.2"]
[White "Duboue, Peio"]
[Black "Flear, Glenn"]
[Result "1/2-1/2"]
[TimeControl "5400+30"]
[WhiteTitle "FM"]
[BlackTitle "GM"]
[WhiteElo "2431"]
[BlackElo "2431"]

1. e4 e5 2. Nf3 Nc6 3. Bb5 a6 4. Bxc6 dxc6 5. O-O Bd6 6. d4 exd4 7. Qxd4 f6 8. Nbd2 Be6 9. b3 Nh6 10.
Nc4 Nf7 11. Nxd6+ cxd6 12. Bf4 Qc7 13. Qe3 O-O 14. Nd4 Rfe8 15. Rfe1 Rad8 16. Nxe6 Rxe6 17. Qd2 Qe7 18. f3 d5 19. exd5 Rxd5 20. Rxe6 Qxe6 21. Re1 Rxd2 22.
Rxe6 Rd1+ 23. Kf2 Kf8 24. Be3 Rd5 25. Bc1 Re5 26. Ba3+ Kg8 27. Rxe5 Nxe5 28. Ke3 Kf7 29. Kd4 Nd7 30.
Bd6 Ke6 31. Bc7 h5 32. a4 g6 33. c4 f5 34. b4 Nf8 35. b5 axb5 36. cxb5 cxb5 37. axb5 Nd7 38. Ba5 Nf8 39. Bc7 1/2-1/2

[Event "IIe Tournoi de GMI du C'Chartres Echecs"]
[Site "Chartres, France"]
[Date "2021.05.17"]
[Round "1.3"]
[White "Maurizzi, Marc Andria"]
[Black "Dgebuadze, Alexandre"]
[Result "1/2-1/2"]
[TimeControl "5400+30"]
[WhiteTitle "IM"]
[BlackTitle "GM"]
[WhiteElo "2489"]
[BlackElo "2490"]

1. e4 e6 2. d4 d5 3. e5 c5 4. c3 Qb6 5. Nf3 Bd7 6. Be2 cxd4 7. cxd4 Nh6 8. Bxh6 gxh6 9. O-O Bg7 10.
Nc3 O-O 11. Qd2 Nc6 12. Na4 Qa5 13. Qxa5 Nxa5 14. Nc5 Bc6 15. Rfc1 Rfc8 16. Rc3 b6 17. Nb3 Nxb3 18. axb3 a5 19.
Rac1 Bd7 20. Rxc8+ Rxc8 21. Rxc8+ Bxc8 22. Bb5 Kf8 23. Kf1 Ke7 24. Bd3 h5 25. Bxh7 Bh6 26. Ke2 Bc1 27. Kd1 Bxb2 28.
Kc2 Ba1 29. Kb1 Bc3 30. Kc2 Ba1 31. Kb1 Bc3 32. Kc2 Ba1 1/2-1/2

[Event "IIe Tournoi de GMI du C'Chartres Echecs"]
[Site "Chartres, France"]
[Date "2021.05.17"]
[Round "1.4"]
[White "Stephan, Victor"]
[Black "David, Alberto"]
[Result "0-1"]
[TimeControl "5400+30"]
[WhiteTitle "IM"]
[BlackTitle "GM"]
[WhiteElo "2430"]
[BlackElo "2517"]

1. d4 Nf6 2. c4 e6 3. Nc3 Bb4 4. Qc2 O-O 5. Nf3 d6 6. g3 e5 7. Bg2 Bxc3+ 8. Qxc3 e4 9. Nh4 h6 10.
f4 exf3 11. Bxf3 Re8 12. O-O Nc6 13. b4 Ne4 14. Qd3 d5 15. Bh5 Be6 16. b5 Na5 17. c5 Nc4 18. Ng2 g6 19. Bf3 Bf5 20.
Qd1 g5 21. Bh5 Bg6 22. Bxg6 fxg6 23. Qd3 Rf8 24. Rf3 a6 25. Rb1 axb5 26. Rxb5 Rxa2 27. Rxb7 Ncd2 28. Bxd2 Rxd2 29. Qb3 Re8 30.
Ne3 Rxd4 31. Ng4 h5 32. Nh6+ Kh7 33. Rf7+ Kxh6 34. Rbxc7 Nf6 35. Qf3 Rd1+ 36. Kf2 Rd2 37. Qxf6 Rdxe2+ 38. Kg1 Re1+ 39. Kg2 R8e2+ 40. Qf2 g4 41. Rcd7 Rxf2+ 42. Kxf2 Qe8 43. Rh7+ Kg5 44. Rxd5+ Re5 0-1

[Event "IIe Tournoi de GMI du C'Chartres Echecs"]
[Site "Chartres, France"]
[Date "2021.05.17"]
[Round "1.5"]
[White "Milliet, Sophie"]
[Black "Loiseau, Quentin"]
[Result "1-0"]
[TimeControl "5400+30"]
[WhiteTitle "IM"]
[BlackTitle "IM"]
[WhiteElo "2390"]
[BlackElo "2455"]

1. e4 c5 2. Nf3 e6 3. d4 cxd4 4. Nxd4 Nf6 5. Nc3 Nc6 6. Nxc6 bxc6 7. e5 Nd5 8. Ne4 Qc7 9. f4 Qb6 10.
c4 Bb4+ 11. Ke2 Ba6 12. Kf3 f5 13. Nf2 Ne7 14. Be3 Bc5 15. Bxc5 Qxc5 16. Qd6 Qb6 17. Be2 g5 18. fxg5 Ng6 19.
h4 Qb8 20. Qxb8+ Rxb8 21. b3 Nxe5+ 22. Kf4 Ng6+ 23. Kg3 d6 24. h5 Ne5 25. Rhe1 Rg8 26. Nh3 c5 27. Rad1 Kd7 28. Bf3 Nf7 29.
Kh4 Bb7 30. h6 Ke7 31. Bh5 Ne5 32. Nf4 Be4 33. Re3 a5 34. Bf3 Ba8 35. Rde1 a4 36. Bxa8 Rxa8 37. Rxe5 dxe5 38. Rxe5 Ra6 39.
Rxc5 Kd6 40. Rb5 axb3 41. axb3 Ra2 42. g6 Rf2 43. Kg3 Rxf4 44. Kxf4 Rxg6 45. Rb6+ Kc7 46. c5 Rxh6 47. Ke5 Rg6 48.
Rxe6 Rxg2 49. Kxf5 h5 50. b4 Rb2 51. Rb6 Rg2 52. b5 h4 53. Rh6 Rc2 54. Rc6+ Kd7 55. Kg4 Rc4+ 56. Kh3 Rd4 57.
Rh6 Rd5 58. c6+ Kc7 59. Rh7+ Kb8 60. b6 1-0

[Event "IIe Tournoi de GMI du C'Chartres Echecs"]
[Site "Chartres, France"]
[Date "2021.05.17"]
[Round "2.1"]
[White "Shirazi, Kamran"]
[Black "Milliet, Sophie"]
[Result "0-1"]
[TimeControl "5400+30"]
[WhiteTitle "IM"]
[BlackTitle "IM"]
[WhiteElo "2349"]
[BlackElo "2390"]

1. e4 c5 2. b4 cxb4 3. a3 e5 4. axb4 Bxb4 5. c3 Be7 6. f4 exf4 7. Bc4 d5 8. Bxd5 Nf6 9. Ba2 Qd3 10.
e5 Ng4 11. Qa4+ Nc6 12. Nf3 Bc5 13. Rf1 O-O 14. Qxf4 Ngxe5 15. Nxe5 Nxe5 16. Qxe5 Bg4 17. Rf4 Rae8 0-1

[Event "IIe Tournoi de GMI du C'Chartres Echecs"]
[Site "Chartres, France"]
[Date "2021.05.17"]
[Round "2.2"]
[White "Dgebuadze, Alexandre"]
[Black "David, Alberto"]
[Result "1/2-1/2"]
[TimeControl "5400+30"]
[WhiteTitle "GM"]
[BlackTitle "GM"]
[WhiteElo "2490"]
[BlackElo "2517"]

1. d4 Nf6 2. Nf3 e6 3. e3 c5 4. c4 a6 5. a3 d5 6. dxc5 Bxc5 7. b4 Be7 8. Bb2 O-O 9. Nbd2 b6 10.
Qc2 Nbd7 11. Bd3 h6 12. Rc1 Bb7 13. Qb1 dxc4 14. Nxc4 a5 15. O-O axb4 16. axb4 Bxb4 17. Bxf6 Nxf6 18.
Qxb4 Bxf3 19. Qb1 Bd5 20. Rfd1 Rb8 21. Qb4 Nd7 22. e4 Bxc4 23. Bxc4 Qg5 24. h4 Qc5 25. Qd2 Nf6 26. Bxe6 Nxe4 27.
Rxc5 Nxd2 28. Rc7 Rbd8 29. Bd7 Ne4 30. Rb1 Nc5 31. Bc6 Rd6 32. Bb5 Rfd8 33. g3 Kf8 34. Bc4 Rd1+ 35. Rxd1 Rxd1+ 36. Kg2 Rd7 37. Rc8+ Ke7 38. Rg8 g6 39. Rb8 Rb7 40. Rc8 h5 41. Bd5 Rd7 42. Bc4 Ne4 43. Bb5 Rd8 44. Rc7+ Kf6 45.
Rb7 Rd2 46. Kf3 Nxf2 47. Bc4 Ng4 48. Rxf7+ Ke5 49. Re7+ Kd6 50. Re6+ Kd7 51. Re2 Rxe2 52. Bxe2 Ke6 53. Kf4 Kf6 54.
Ba6 Ne5 55. Bb5 Ng4 56. Ba6 Nh6 57. Be2 Nf5 58. g4 Nd4 59. Bd1 Ne6+ 60. Ke4 g5 61. gxh5 gxh4 62. Bg4 Nc5+ 63. Kd5 Nd3 64.
h6 b5 65. h7 Kg7 66. Bf5 Ne1 67. Kc5 Nf3 68. Bg4 Ne5 69. Bf5 Nc4 70. Bh3 Kxh7 71. Kxb5 Ne3 1/2-1/2

[Event "IIe Tournoi de GMI du C'Chartres Echecs"]
[Site "Chartres, France"]
[Date "2021.05.17"]
[Round "2.3"]
[White "Maurizzi, Marc Andria"]
[Black "Vlachos, Anatole"]
[Result "1/2-1/2"]
[TimeControl "5400+30"]
[WhiteTitle "IM"]
[BlackTitle "IM"]
[WhiteElo "2489"]
[BlackElo "2438"]

1. e4 e5 2. Nf3 Nc6 3. d4 exd4 4. Nxd4 Bc5 5. Nb3 Bb6 6. Nc3 Nf6 7. Bg5 h6 8. Bh4 O-O 9. Bd3 Re8 10.
O-O a5 11. Nd2 g5 12. Bg3 d5 13. exd5 Bg4 14. Qc1 Nxd5 15. Nc4 Nxc3 16. bxc3 Bc5 17. Rb1 b6 18. h4 Be6 19. Kh1 f5 20.
Rd1 Qe7 21. f3 Qf7 22. Nd2 Bxa2 23. Bb5 Qf6 24. Ra1 Bf7 25. Ra4 Re7 26. Nb3 Be3 27. Qa3 Na7 28. Bf1 f4 29. Bh2 Rae8 30.
Nd4 Bf2 31. Qb2 c5 32. Nb5 Nxb5 33. Qxb5 Qxc3 34. Raa1 Re1 35. Rxe1 Rxe1 36. Rxe1 Qxe1 37. Bg1 Be3 38. hxg5 hxg5 39.
Qd3 Qh4+ 40. Bh2 Bf2 41.
Qd8+ Kg7 42. Qe7 Qh6 43. c3 Bg3 44. Qe5+ Kg8 45. Qb8+ Kg7 46. Qe5+ Qf6 47. Qc7 a4 48. Bc4 a3 49.
Bd5 Qf5 50. Ba2 c4 51. Qxb6 Qc2 52. Qd4+ Kh7 53. Qd7 Kg6 54. Qd6+ Kf5 55. Qc5+ Kf6 56. Qd6+ Be6 57. Qf8+ Kg6 58.
Qd6 Kf7 59. Qc7+ Kf6 60. Qd8+ Kg6 61. Qd6 Kf7 62. Qc7+ Kg8 63. Qd8+ Kf7 64. Qc7+ Kf6 65. Qd8+ Kf5 66. Qf8+ Kg6 67.
Qd6 1/2-1/2

[Event "IIe Tournoi de GMI du C'Chartres Echecs"]
[Site "Chartres, France"]
[Date "2021.05.17"]
[Round "2.4"]
[White "Loiseau, Quentin"]
[Black "Duboue, Peio"]
[Result "1-0"]
[TimeControl "5400+30"]
[WhiteTitle "IM"]
[BlackTitle "FM"]
[WhiteElo "2455"]
[BlackElo "2431"]

1. e4 e5 2. Nf3 Nc6 3. Bb5 g6 4. c3 a6 5.
Ba4 Bg7 6. d4 exd4 7. cxd4 b5 8. Bc2 d6 9. d5 Na5 10. Bd2 Bxb2 11. Bxa5 Bxa1 12. Nc3 Bb2 13. Qd2 Ne7 14. Bb3 Ba3 15.
Nb1 Bc5 16. Bc3 f6 17. Bxf6 Rf8 18. Qb2 Qd7 19. O-O Ng8 20. Bh4 Rxf3 21. gxf3 Qf7 22. Nd2 g5 23. Bg3 h5 24. Rc1 h4 25.
Be5 g4 26. Rxc5 dxc5 27. f4 c4 28. Bd1 Ra7 29. Nxc4 Rb7 30. Ne3 Rb6 31. Qc3 Kd8 32. Bb3 Qh7 33. f5 Nh6 34. Qc5 Qe7 35.
Qxe7+ Kxe7 36. Bxc7 Rb7 37. Bf4 1-0

[Event "IIe Tournoi de GMI du C'Chartres Echecs"]
[Site "Chartres, France"]
[Date "2021.05.17"]
[Round "2.5"]
[White "Flear, Glenn"]
[Black "Stephan, Victor"]
[Result "1-0"]
[TimeControl "5400+30"]
[WhiteTitle "GM"]
[BlackTitle "IM"]
[WhiteElo "2431"]
[BlackElo "2430"]

1. d4 Nf6 2. c4 c5 3. d5 e6 4. Nc3 exd5 5. cxd5 d6 6. e4 g6 7. Nge2 Bg7 8. Ng3 O-O 9. Be2 a6 10.
a4 Nbd7 11. O-O Re8 12. f3 Rb8 13. Bg5 Qa5 14. Qc2 h6 15. Be3 h5 16. Nh1 h4 17. Nf2 Nh5 18. Qd2 f5 19. Bg5 Ne5 20.
Bxh4 Nf7 21. exf5 Bxf5 22. g4 Bh6 23. Qd1 Qb4 24. Nfe4 Be3+ 25. Kh1 Bxe4 26. Nxe4 Nf4 27. Nf6+ Kg7 28.
Nxe8+ Rxe8 29. b3 Bd4 30. Be1 Qb6 31. a5 Qd8 32. Bc4 Bxa1 33. Qxa1+ Ne5 34. Bg3 Qf6 35. Qd1 g5 36. Re1 Rf8 37.
Re4 Qg6 38. Bxf4 gxf4 39. Be2 Qh7 40. Qg1 Qh3 41. Qg2 Qh4 42. Bf1 Rf7 43. Kg1 Qd8 44. Ra4 Qh4 45. Qf2 Qh7 46. Re4 Qg6 47.
h3 Qg5 48. Kg2 Kf8 49. h4 Qg6 50. h5 Qg5 51. Be2 Nd7 52. Bc4 Nf6 53. Re6 Nxh5 54. Rxd6 Ng3 55. Re6 Qh4 56. Qxc5+ Kg7 57.
Qd4+ Kf8 58. Qc5+ Kg7 59. Qg1 Qh7 60. Qa1+ Kf8 61. Bd3 Qh4 62. Qa3+ Kg8 63. Re8+ Kg7 64. Qa1+ Qf6 65. Qxf6+ Kxf6 66.
Re6+ Kg7 67. d6 Rd7 68.
Bg6 Rd8 69. Bd3 Kf7 70. Bc4 Kg7 71. Bd5 Kf7 72. Kf2 Nh1+ 73. Ke1 Ng3 74. g5 Kg7 75. Bxb7 Nf5 76. Bxa6 Nd4 77. Re7+ Kg6 78.
Bd3+ Kxg5 79. Re5+ Kf6 80. Rd5 Nxf3+ 81. Kf2 Ke6 82. Be4 Ne5 83. a6 Rd7 84. Rd1 Rg7 85. b4 Ng4+ 86. Kf3 Ne3 87.
Rd2 Nf1 88. Rf2 Ng3 89. Bb7 1-0

[Event "IIe Tournoi de GMI du C'Chartres Echecs"]
[Site "Chartres, France"]
[Date "2021.05.18"]
[Round "3.1"]
[White "Duboue, Peio"]
[Black "Shirazi, Kamran"]
[Result "1/2-1/2"]
[TimeControl "5400+30"]
[WhiteTitle "FM"]
[BlackTitle "IM"]
[WhiteElo "2431"]
[BlackElo "2349"]

1. e4 Nc6 2. d4 e5 3. Nf3 d5 4. exd5 Qxd5 5. Nc3 Bb4 6. Bd2 Bxc3 7. Bxc3 e4 8. Ne5 Nxe5 9. dxe5 Ne7 10. Qd4 Be6 11. Qa4+ Bd7 12. Qb3 Qc6 13. Bc4 Be6 14. Bb5 Bxb3 15. Bxc6+ Nxc6 16. axb3 O-O-O 17. O-O b5 18. b4 Rd5 19. Rfe1 a5 20. Rxe4 axb4 21. Bxb4 Rhd8 22. Bc3 Rd1+ 23. Re1 Rxe1+ 24. Bxe1 Rd5 25. f4 Nd4 26. Ra8+ Kd7 27. Bg3 Ne2+ 28. Kf2 Rd2 29. f5 Nxg3+ 30. Kxg3 Rxc2 31. Rh8 Re2 32. Rxh7 Rxe5 33. Kf4 Re2 34. Rxg7 Ke7 35. b3 Kf6 36. Rg3 Rf2+ 37. Rf3 Rxg2 38. Rc3 Rxh2 39. Rc6+ Kg7 40. Rxc7 Rh3 41. b4 Rb3 42. Kg5 Rg3+ 43. Kf4 Rb3 44. Ke5 Rxb4 45. f6+ Kg6 46. Rc8 Rc4 47. Rg8+ Kh6 48. Rh8+ Kg6 49. Rg8+ Kh6 50. Rh8+ Kg6 51. Rg8+ 1/2-1/2

[Event "IIe Tournoi de GMI du C'Chartres Echecs"]
[Site "Chartres, France"]
[Date "2021.05.18"]
[Round "3.2"]
[White "Stephan, Victor"]
[Black "Loiseau, Quentin"]
[Result "0-1"]
[TimeControl "5400+30"]
[WhiteTitle "IM"]
[BlackTitle "IM"]
[WhiteElo "2430"]
[BlackElo "2455"]

1. d4 Nf6 2. c4 c5 3. d5 b5 4. a4 Qa5+ 5. Bd2 b4 6. Qc2 g6 7. e4 d6 8. f4 Bg7 9. Bd3 O-O 10.
Nf3 e6 11. dxe6 Bxe6 12. e5 dxe5 13. fxe5 Ng4 14. Be4 Nd7 15. Bxa8 Rxa8 16. O-O Ndxe5 17. Bf4 Bf5 18. Qb3 Nd3 19.
Bg5 Qc7 20. Bh4 Re8 21. Bg3 Qd8 22. Kh1 Re3 23. Kg1 Bd4 24. Nxd4 Qxd4 0-1

[Event "IIe Tournoi de GMI du C'Chartres Echecs"]
[Site "Chartres, France"]
[Date "2021.05.18"]
[Round "3.3"]
[White "Milliet, Sophie"]
[Black "Maurizzi, Marc Andria"]
[Result "1-0"]
[TimeControl "5400+30"]
[WhiteTitle "IM"]
[BlackTitle "IM"]
[WhiteElo "2390"]
[BlackElo "2489"]

1. e4 e5 2. Nf3 Nc6 3. Bb5 a6 4. Ba4 Nf6 5. O-O b5 6. Bb3 Bc5 7. c3 d6 8. d4 Bb6 9. Be3 O-O 10.
Nbd2 h6 11. h3 Re8 12. Bc2 exd4 13. cxd4 Nb4 14. Bb1 c5 15. d5 a5 16. a3 Na6 17. a4 Bd7 18. axb5 Bxb5 19. Re1 Nb4 20.
Ra3 Ra7 21. Nh2 c4 22. Nhf1 Bxe3 23. Raxe3 Nd3 24. Bxd3 cxd3 25. Ng3 g6 26. Nb1 Nd7 27. f4 Qf6 28. Nc3 Ba6 29. Qg4 Qd4 30.
Nf5 Qf6 31. Nh4 Rb7 32. Nf3 Nc5 33. e5 dxe5 34. fxe5 Qf5 35.
Qd4 Nb3 36. Qh4 Qh5 37. Qxh5 gxh5 38. Ne4 Reb8 39. e6 fxe6 40. dxe6 d2 41. Nfxd2 Nxd2 42. Nxd2 Rxb2 43. e7 Rxd2 44.
e8=Q+ Rxe8 45. Rxe8+ Kf7 46. R1e7+ Kf6 47. Re6+ Kf7 48. R8e7+ Kf8 49. Ra7 Bc4 50. Rxh6 Bf7 51. Rf6 1-0

[Event "IIe Tournoi de GMI du C'Chartres Echecs"]
[Site "Chartres, France"]
[Date "2021.05.18"]
[Round "3.4"]
[White "Vlachos, Anatole"]
[Black "Dgebuadze, Alexandre"]
[Result "1-0"]
[TimeControl "5400+30"]
[WhiteTitle "IM"]
[BlackTitle "GM"]
[WhiteElo "2438"]
[BlackElo "2490"]

1. e4 e6 2. d4 d5 3. Nc3 Bb4 4. e5 Ne7 5. a3 Bxc3+ 6. bxc3 c5 7. Qg4 O-O 8. Bd3 Nbc6 9. Qh5 Ng6 10.
Nf3 Qc7 11. Be3 Nce7 12. h4 Bd7 13. Qg4 cxd4 14. cxd4 f5 15. Qh3 Bb5 16. Bxb5 Qa5+ 17. Bd2 Qxb5 18. h5 Nh8 19. h6 g6 20.
Bb4 Qd7 21. Qh4 Rfe8 22. Qf6 Nc6 23. Ng5 Nxb4 24. axb4 Re7 25. Nh3 Rf7 26. Qg5 Qb5 27. c3 Qd3 28. Rc1 Qe4+ 29. Kd2 Qg4 30.
Ra1 Qxg5+ 31. Nxg5 Re7 32. Rhc1 Nf7 33. Nxf7 Kxf7 34. c4 dxc4 35. Rxc4 g5 36. Rac1 Rd8 37. Ke3 Red7 38. Rc7 Kg6 39.
Rxd7 Rxd7 40. Rc8 g4 41. Rg8+ Kf7 42. Rg7+ Ke8 43. d5 Rxd5 44. Rxh7 Rxe5+ 45. Kf4 Re4+ 46. Kg5 Rxb4 47. Rc7 Rb1 48.
h7 Rh1 49. Rxb7 Kf8 50. Rxa7 1-0

[Event "IIe Tournoi de GMI du C'Chartres Echecs"]
[Site "Chartres, France"]
[Date "2021.05.18"]
[Round "3.5"]
[White "David, Alberto"]
[Black "Flear, Glenn"]
[Result "1/2-1/2"]
[TimeControl "5400+30"]
[WhiteTitle "GM"]
[BlackTitle "GM"]
[WhiteElo "2517"]
[BlackElo "2431"]

1. e4 e5 2. Nf3 Nc6 3. Bb5 a6 4. Ba4 Nf6 5. d3 d6 6. c3 g6 7. O-O Bg7 8. Re1 O-O 9. h3 Re8 10.
Be3 b5 11. Bc2 Bb7 12. Nbd2 Nb8 13. b4 Nbd7 14. Nb3 Rc8 15. a4 c5 16. axb5 axb5 17. Qb1 cxb4 18. cxb4 d5 19. Ra7 Ba8 20.
Nc5 Rc7 21. Qa2 Nxc5 22. Bxc5 Rxa7 23. Qxa7 Qd7 24. Qa2 Bc6 25. Bb3 h6 26. Qa1 Qc7 27. Qb1 dxe4 28. dxe4 Qb7 29. Bc2 Nh5 30.
Nd2 Nf4 31. Nb3 Qc8 32. Be3 Bd7 33. Kh2 Bxh3 34. Bxf4 exf4 35. gxh3 f3 36. Kg3 Be5+ 37. Kxf3 Qxh3+ 38. Ke2 Qc8 39. Kf3 Qh3+ 40. Ke2 Qg4+ 41. Kf1 Qh3+ 42. Ke2 Qg4+ 43. Kf1 Qh3+ 1/2-1/2

[Event "IIe Tournoi de GMI du C'Chartres Echecs"]
[Site "Chartres, France"]
[Date "2021.05.18"]
[Round "4.1"]
[White "Loiseau, Quentin"]
[Black "David, Alberto"]
[Result "0-1"]
[TimeControl "5400+30"]
[WhiteTitle "IM"]
[BlackTitle "GM"]
[WhiteElo "2455"]
[BlackElo "2517"]

1. e4 c6 2. d4 d5 3. e5 Bf5 4. Nf3 e6 5. Be2 Ne7 6. O-O c5 7. c4 Nbc6 8. Nc3 dxc4 9. Bg5 a6 10.
Nd2 Qc7 11. Nxc4 Nd5 12. Nxd5 exd5 13. Ne3 Be6 14. f4 h6 15. f5 hxg5 16. fxe6 fxe6 17. Bh5+ Kd8 18. Qg4 cxd4 19. Qxe6 Qxe5 20. Qxd5+ Qxd5 21. Nxd5 Bd6 22.
g4 Ne5 23. Nb6 Rb8 24. Rad1 d3 25. Nd5 g6 26. Bxg6 Nxg6 27. Rxd3 Ne5 28. Rdd1 Rh6 29. Ne3 Kc7 30. Kg2 Rbh8 31.
h3 Rxh3 32. Nf5 Rh2+ 33. Kg3 R8h3# 0-1

[Event "IIe Tournoi de GMI du C'Chartres Echecs"]
[Site "Chartres, France"]
[Date "2021.05.18"]
[Round "4.2"]
[White "Dgebuadze, Alexandre"]
[Black "Flear, Glenn"]
[Result "1/2-1/2"]
[TimeControl "5400+30"]
[WhiteTitle "GM"]
[BlackTitle "GM"]
[WhiteElo "2490"]
[BlackElo "2431"]

1. c4 e6 2. Nf3 d5 3. e3 Nf6 4. Nc3 b6 5. d4 Bb7 6. cxd5 exd5 7. Bd3 Nbd7 8. O-O Be7 9. Ne5 Nxe5 10.
dxe5 Ne4 11. Qa4+ Qd7 12. Qxd7+ Kxd7 13. Nxe4 dxe4 14. Bc4 Ke8 15. Rd1 f6 16. exf6 Bxf6 17. Rb1 Ke7 18. b4 Rhd8 19.
Ba3 Rxd1+ 20. Rxd1 Rd8 21.
b5+ Ke8 22. Rxd8+ Kxd8 23. Kf1 Kd7 24. Ke2 1/2-1/2

[Event "IIe Tournoi de GMI du C'Chartres Echecs"]
[Site "Chartres, France"]
[Date "2021.05.18"]
[Round "4.3"]
[White "Maurizzi, Marc Andria"]
[Black "Duboue, Peio"]
[Result "1-0"]
[TimeControl "5400+30"]
[WhiteTitle "IM"]
[BlackTitle "FM"]
[WhiteElo "2489"]
[BlackElo "2431"]

1. e4 e5 2. Nf3 Nc6 3. Bb5 g6 4. d4 exd4 5. c3 a6 6. Bc4 Bg7 7. cxd4 b5 8. Bb3 d6 9. O-O Nge7 10.
d5 Na5 11. Bd2 Nxb3 12. Qxb3 c5 13. dxc6 Be6 14. Qe3 Nxc6 15. Bc3 Ne5 16. Rd1 Qe7 17. Nxe5 dxe5 18. Qe1 Qg5 19. Bd2 Qh4 20. Bb4 a5 21. Bd6 f6 22. Qc3 Qxe4 23. Qc7 Bd7 24.
Bf8 Kxf8 25. Qxd7 h5 26. Nc3 Qg4 27. Qd5 Re8 28. Qxb5 h4 29. h3 Qb4 30. Qc6 Qe7 31. Rd7 Qe6 32.
Qc7 Bh6 33. Rad1 e4 34. Qc5+ Kg8 35. R1d6 1-0

[Event "IIe Tournoi de GMI du C'Chartres Echecs"]
[Site "Chartres, France"]
[Date "2021.05.18"]
[Round "4.4"]
[White "Shirazi, Kamran"]
[Black "Stephan, Victor"]
[Result "0-1"]
[TimeControl "5400+30"]
[WhiteTitle "IM"]
[BlackTitle "IM"]
[WhiteElo "2349"]
[BlackElo "2430"]

1. d4 Nf6 2. Nc3 d5 3. Bg5 c5 4. e3 Nc6 5. Nf3 e6 6. a3 Be7 7. dxc5 Bxc5 8. Bd3 O-O 9. O-O h6 10.
Bh4 Be7 11. Qe1 Nh5 12. Bxe7 Qxe7 13. b4 b6 14. Ne2 Bb7 15. Nf4 Nf6 16. c4 dxc4 17. Bxc4 Rac8 18. Qe2 Rfd8 19. Rfd1 Ne4 20.
Qb2 Rxd1+ 21. Rxd1 Rd8 22. Rc1 Qf6 23. Qxf6 Nxf6 24. h3 g5 25. Nd3 Ne4 26.
Bb5 Rc8 27. Bxc6 Rxc6 28. Rxc6 Bxc6 29. Nd4 Be8 30. Ne5 Nd6 31. Kf1 Nb5 32. Nxb5 Bxb5+ 33. Ke1 f6 34. Ng4 Kg7 35. f3 h5 36.
Nf2 f5 37. h4 gxh4 38. Nh3 e5 39. Kf2 Kf6 40. f4 Ke6 41. Ng5+ Kd5 42. fxe5 Kxe5 43. Nf3+ Kd5 44. Nxh4 Bd7 45.
Ng6 Be8 46. Nh4 Kc4 47. Nxf5 Kb3 48. Nd6 Bd7 49. b5 Kxa3 50. e4 Kb4 51. Ke3 Kc5 52. e5 Kd5 53. Kf4 h4 54. Nf5 Bxb5 55.
Nxh4 a5 56. Nf5 Bd7 57. g4 b5 58. g5 b4 59. g6 b3 60. g7 Be6 61. Ne3+ Kd4 62. Nd1 a4 63. Kg5 Kxe5 0-1

[Event "IIe Tournoi de GMI du C'Chartres Echecs"]
[Site "Chartres, France"]
[Date "2021.05.18"]
[Round "4.5"]
[White "Vlachos, Anatole"]
[Black "Milliet, Sophie"]
[Result "1/2-1/2"]
[TimeControl "5400+30"]
[WhiteTitle "IM"]
[BlackTitle "IM"]
[WhiteElo "2438"]
[BlackElo "2390"]

1. e4 c5 2. Nf3 e6 3. g3 Nc6 4. Bg2 Nf6 5. Nc3 d5 6. exd5 exd5 7. d4 cxd4 8. Nxd4 Bg4 9. Nce2 Bc5 10.
Nb3 O-O 11. Nxc5 Qa5+ 12. c3 Qxc5 13. Be3 Qb5 14. h3 Bh5 15. g4 Bg6 16. Qb3 Qa6 17. Nf4 Be4 18. f3 Bd3 19. Kf2 Bc4 20.
Qc2 Rfe8 21. Rhe1 d4 22.
cxd4 g5 23. Qf5 gxf4 24. Qg5+ Kf8 25. Bxf4 Ne7 26. Be5 Neg8 27. Qd2 Qb6 28. Qc3 Rac8 29. Kg3 Nd5 30. Qa3+ Nge7 31. f4 Kg8 32. Bd6 Qxd4 33. Rad1 Qf6 34. b3 Qc3+ 35. Kh2 Ne3 36.
Bb4 Qf6 37. Rxe3 Qxf4+ 38. Rg3 Be2 39. Re1 Nc6 40. Bd6 Qd2 41. Rg1 Rcd8 42. Bc5 Ne5 43. Kh1 Qf4 44. b4 Nd3 45. Bxb7 Re4 46.
Bxe4 Qxe4+ 47. Kh2 Bf3 48. Qc3 Qe2+ 49. R1g2 Bxg2 50. Rxg2 Qf1 51. Qd2 Rd5 52. Qe3 Re5 53.
Qd4 Re8 54. Qd7 Qf4+ 55. Kh1 Re1+ 56. Bg1 Nf2+ 57. Rxf2 Qxf2 58. Qd8+ Kg7 59. Qg5+ Kf8 60. Qd8+ 1/2-1/2

[Event "IIe Tournoi de GMI du C'Chartres Echecs"]
[Site "Chartres, France"]
[Date "2021.05.19"]
[Round "5.1"]
[White "Flear, Glenn"]
[Black "Loiseau, Quentin"]
[Result "1/2-1/2"]
[TimeControl "5400+30"]
[WhiteTitle "GM"]
[BlackTitle "IM"]
[WhiteElo "2431"]
[BlackElo "2455"]

1. d4 d5 2. c4 e6 3. Nc3 c6 4. e3 Nf6 5. Nf3 Nbd7 6. Nd2 Be7 7. g3 dxc4 8. Bg2 Rb8 9. Nxc4 b5 10.
Ne5 Nxe5 11. dxe5 Qxd1+ 12. Kxd1 Ng4 13. Bxc6+ Kf8 14. Ke1 b4 15. Ne2 Nxe5 16. Be4 f5 17. f4 Nc4 18. Bf3 Bf6 19. Nd4 Bb7 20. Bxb7 Rxb7 21.
b3 Bxd4 22. exd4 Nb6 23. Bd2 Nd5 24. Rc1 Ke7 25. Ke2 a5 26. Rc4 Kd7 27. Rb1 h5 28. h4 Rhb8 29. Be1 Ra7 30. a4 bxa3 31.
Ra4 Rb5 32. Rxa3 Ke8 33. Rba1 Rab7 34. Rb1 a4 35. Rxa4 Rxb3 36. Rxb3 Rxb3 37. Ra7 Kf8 38. Ra8+ Kf7 39. Ra7+ Kf6 40.
Ra8 Rb2+ 41. Kf3 Rc2 42. Ra3 Rc4 43. Rd3 Ra4 44. Bf2 Kg6 45. Rb3 Ra6 46. Be1 Ra1 47. Bf2 Kf6 48. Be3 Re1 49.
Bf2 Rc1 50. Rb7 Rc7 51. Rb8 Rc3+ 52. Ke2 Rc2+ 53. Kf3 Kf7 54. Rb7+ Rc7 55. Rb8 Nf6 56. Be1 Ne4 57. Rb5 Rc1 58.
Ke2 Rc2+ 59. Kf3 Rc1 60. Ke2 Ra1 61. d5 Ra2+ 62. Ke3 Ra3+ 63. Kd4 exd5 64. Kxd5 Re3 65. Rb1 Nf6+ 66. Kd4 Re4+ 67.
Kd3 Nd5 68. Bd2 Ra4 69. Rb3 Kg6 70. Bc3 Ra2 71. Bb2 Ra6 72. Rb7 Nf6 73. Bxf6 Rxf6 1/2-1/2

[Event "IIe Tournoi de GMI du C'Chartres Echecs"]
[Site "Chartres, France"]
[Date "2021.05.19"]
[Round "5.2"]
[White "Milliet, Sophie"]
[Black "Dgebuadze, Alexandre"]
[Result "0-1"]
[TimeControl "5400+30"]
[WhiteTitle "IM"]
[BlackTitle "GM"]
[WhiteElo "2390"]
[BlackElo "2490"]

1. e4 e6 2. d4 d5 3. Nc3 Bb4 4. e5 Ne7 5. a3 Bxc3+ 6. bxc3 c5 7. Qg4 O-O 8. Bd3 Nbc6 9. Bg5 Qa5 10.
Ne2 Ng6 11. h4 Nxd4 12. f4 Nxe2 13. Kxe2 f5 14. exf6 e5 15. Bf5 Bxf5 16. Qxf5 Rae8 17. Qd7 gxf6 18. Bh6 Re7 19. Qxd5+ Rff7 20.
Rh3 Nxf4+ 21. Bxf4 exf4+ 22. Kf2 Qa4 23. Qf5 Re5 24. Qc8+ Re8 25. Qf5 Rfe7 26. Kg1 Qe4 27. Qxc5 Rg7 28.
Qf2 Kh8 29. Rf1 Reg8 30. Rh2 Rg3 31. Kh1 Re3 32. h5 Rgg3 33. Rg1 Re2 34. Qc5 Rg8 35. Qd6 Qe5 36. Qxe5 fxe5 37. g4 Re3 38.
g5 f3 39. Rd2 Re4 40. h6 Rh4+ 41. Rh2 Rf4 42. Rd1 e4 43. Kg1 e3 44. Rd5 f2+ 45. Kf1 e2+ 0-1

[Event "IIe Tournoi de GMI du C'Chartres Echecs"]
[Site "Chartres, France"]
[Date "2021.05.19"]
[Round "5.3"]
[White "Stephan, Victor"]
[Black "Maurizzi, Marc Andria"]
[Result "0-1"]
[TimeControl "5400+30"]
[WhiteTitle "IM"]
[BlackTitle "IM"]
[WhiteElo "2430"]
[BlackElo "2489"]

1. d4 Nf6 2. c4 e6 3. Nc3 Bb4 4. Qc2 b6 5. Nf3 Bb7 6. g3 c5 7. dxc5 Bxc5 8. Bg2 O-O 9. O-O Nc6 10.
Rd1 Ng4 11. e3 f5 12. a3 a5 13. Na4 Qc7 14. Nxc5 bxc5 15. Qc3 d6 16. b3 Nce5 17. Ne1 Bxg2 18. Kxg2 Qc6+ 19. f3 Nxh2 20.
Kxh2 Nxf3+ 21. Nxf3 Qxf3 22. Rg1 Rf6 23. Rg2 Rh6+ 24. Kg1 Qd1+ 25. Kf2 Rh1 26. Qxg7+ Kxg7 27. Bb2+ e5 28. Rxd1 Rxd1 29.
Ke2 Rb1 30. Kd3 Kf6 31. Kc2 Re1 32. Kd2 Rh1 33. Bc3 h5 34. Kd3 Ke6 35. e4 fxe4+ 36. Kxe4 Rb1 0-1